 Dungeon Crawl Stone Soup version 0.31.0-4-g52a2dc7128 (webtiles) character file.

Game seed: 2999584696114338030

13937 freelancePsychic the Skirmisher (level 11, -7/99 HPs)
             Began as a Demonspawn Wanderer on Jan 23, 2024.
             Was an Elder of Dithmenos.
             Mangled by a centaur warrior (12 damage)
             ... on level 8 of the Dungeon.
             The game lasted 00:26:59 (10275 turns).

freelancePsychic the Skirmisher (DsWn)             Turns: 10275, Time: 00:26:59

Health: -7/99      AC:  5    Str: 12    XL:     11   Next: 82%
Magic:  9/9        EV: 19    Int:  8    God:    Dithmenos [****..]
Gold:   298        SH:  5    Dex: 24    Spells: 10/10 levels left

rFire   . . .        a - +2 sling
rCold   + . .        (no shield)
rNeg    . . .        D - +0 leather armour {rC+}
rPois   +            (helmet restricted)
rElec   .            c - +0 cloak
rCorr   .            (no gloves)
SInv    .            s - +0 pair of boots
Will    +....        l - amulet of reflection
Stlth   ++++++       r - ring of willpower
HPRegen 0.36/turn    (no ring)
MPRegen 0.22/turn

%: reflection
@: wreathed by umbra
A: horns 2, thin skeletal structure 1, powered by death 2, robust 1, magic
regeneration, low MP 1, poison resistance, inability to read after injury 1
a: Renounce Religion, Shadow Step


You were on level 8 of the Dungeon.
You worshipped Dithmenos.
Dithmenos was greatly pleased with you.
You visited 2 branches of the dungeon, and saw 11 of its levels.
You also visited: Bailey.

You collected 649 gold pieces.
You spent 351 gold pieces at shops.

Inventory:

Hand Weapons
 a - a +2 sling (weapon)
Armour
 c - a +0 cloak (worn)
 e - a +0 leather armour
 s - a +0 pair of boots (worn)
 D - a +0 leather armour of cold resistance (worn)
Jewellery
 j - a +6 ring of intelligence
 l - an amulet of reflection (around neck)
 r - a ring of willpower (left hand)
 y - a ring of flight
Wands
 g - a wand of charming (1)
 m - a wand of flame (18)
 t - a wand of polymorph (5)
Scrolls
 d - a scroll of revelation
 f - a scroll of enchant weapon {unknown}
 i - 3 scrolls of brand weapon
 o - 3 scrolls of identify {@r1}
 u - a scroll of silence
Potions
 b - 2 potions of attraction
 h - a potion of invisibility {unknown}
 k - a potion of enlightenment {unknown}
 p - a potion of mutation
 B - a potion of magic
 C - 2 potions of brilliance {unknown}


   Skills:
 + Level 9.6 Fighting
 - Level 1.7 Polearms
 * Level 13.0 Ranged Weapons
 + Level 8.8 Dodging
 - Level 3.9 Stealth


You had 10 spell levels left.
You didn't know any spells.
Your spell library was empty.

Dungeon Overview and Level Annotations

Branches:
Dungeon (10/15)            Temple (1/1) D:5             Orc (0/2) D:9
 Bailey (visited)
   Lair: D:8-11

Altars:
Ashenzari
Cheibriados
Dithmenos
Fedhas
Gozag
Hepliaklqana
Kikubaaqudgha
Makhleb
Nemelex Xobeh
Okawaru
Qazlal
Ru
Sif Muna
Trog
Uskayaw
Vehumet
Wu Jian
Xom
Yredelemnul

Shops:
D:1 (*!(*   D:6 *=:?   D:9 [

Annotations:
D:4 1 runed translucent door, Crazy Yiuf


Innate Abilities, Weirdness & Mutations

You have a pair of horns on your head.
You have a somewhat thin skeletal structure. (Dex +2, Stealth+)
You regenerate health from kills.
You are robust. (+10% HP)
You regenerate magic rapidly.
Your magical capacity is low. (-10% MP)
Your system is resistant to poisons. (rPois)
You occasionally lose the ability to read scrolls when taking damage.


Message History

The centaur warrior kicks you.
* * * LOW HITPOINT WARNING * * *
You shoot a sling bullet.
The sling bullet closely misses the centaur warrior.
The centaur warrior closely misses you. The centaur warrior kicks you.
* * * LOW HITPOINT WARNING * * *
You block the centaur warrior's attack.
The centaur warrior kicks you but does no damage.
Okay, then.
Aiming: Charm
Press: ? - help, Shift-Dir - straight line, f/p - centaur warrior
Aim: a centaur warrior (grey smoke, heavily wounded, umbra, chance to affect: 31%)
The centaur warrior easily resists.
You block the centaur warrior's attack. The centaur warrior misses you.
You shoot a sling bullet.
The sling bullet barely misses the centaur warrior.
The centaur warrior misses you. The centaur warrior closely misses you.
You shoot a sling bullet.
The sling bullet hits the centaur warrior but does no damage.
The centaur warrior is heavily wounded.
The centaur warrior hits you.
* * * LOW HITPOINT WARNING * * *
The centaur warrior barely misses you.
You shoot a sling bullet.
The sling bullet hits the centaur warrior!
The centaur warrior is heavily wounded.
Your shadow shoots a sling bullet.
The sling bullet barely misses the centaur warrior.
The centaur warrior barely misses you. The centaur warrior closely misses you.
The centaur warrior hits you.
* * * LOW HITPOINT WARNING * * *
The centaur warrior kicks you but does no damage.
You shoot a sling bullet.
The sling bullet hits the centaur warrior!
The centaur warrior is severely wounded.
The centaur warrior barely misses you. You block the centaur warrior's attack.
You shoot a sling bullet.
The sling bullet barely misses the centaur warrior.
The centaur warrior hits you!
You die...

.##..##..##..##.......##....#....
.##.!##.)##..##.......###....)#..
.........##..##.........c..#c.#..
.........##..##........##.)##.##.
#..####....####.............#....
#..####....####.§§...........>).#
###......####..§.§§.............#
###......# ##§.§c§............(.
.####.)### ##.@............#...
%####..### ##.............####
..##.....######..............# #
.....#.).##.#.#..........#....
...#.....................#...##
#..#........##.......#...#####
..##................##.....#
...............#..........##
............##.#.........##


You could see a centaur warrior.

Vanquished Creatures
  Josephine (D:10)
  3 two-headed ogres
  Pikel (D:9)
  Maurice (D:7)
  An orc sorcerer (D:10)
  Joseph (D:7)
  Jeremiah (D:7)
  2 kobold demonologists (D:10)
  A polar bear (D:10)
  Prince Ribbit (D:7)
  A spriggan (Bailey)
  Sigmund (D:2)
  5 yaks
  4 wraiths (D:10)
  8 wyverns
  A basilisk (D:8)
  A warg (D:10)
  A steam dragon (D:8)
  An acid dragon (D:9)
  Duvessa (D:4)
  3 sky beasts (D:7)
  4 orc warriors
  2 ice beasts
  6 ogres
  2 centaurs (D:8)
  A lemure (D:9)
  4 kobold brigands
  2 phantoms (D:5)
  3 bullfrogs (D:7)
  A gnoll sergeant (D:7)
  3 scorpions (D:7)
  A water moccasin zombie (D:5)
  5 wights
  Dowan (D:4)
  A water moccasin skeleton (D:5)
  16 killer bees
  8 electric eels (D:7)
  4 howler monkeys
  7 hounds
  3 orc priests
  3 gnoll boudas
  2 bullfrog skeletons (D:5)
  3 jellies
  8 iguanas
  2 sleepcaps
  5 orc wizards
  2 killer bee zombies (D:5)
  A hound zombie (D:5)
  A hound skeleton (D:5)
  2 howler monkey zombies (D:5)
  8 gnolls
  12 adders
  A shadow imp (D:5)
  3 white imps
  3 ufetubi
  4 ribbon worms
  19 orcs
  4 ball pythons
  9 bats
  8 endoplasms
  4 giant cockroaches
  13 goblins
  8 hobgoblins
  6 jackals (D:1)
  A quokka (D:1)
  A frilled lizard (D:1)
  18 kobolds
  7 rats
272 creatures vanquished.

Vanquished Creatures (collateral kills)
  A water moccasin (D:8)
  A centaur (D:8)
  A howler monkey (D:8)
  An orc wizard (D:8)
  4 orcs (D:8)
8 creatures vanquished.

Vanquished Creatures (others)
  A steam dragon (D:8)
  An orc wizard (D:7)
2 creatures vanquished.

Grand Total: 282 creatures vanquished

Notes
Turn   | Place    | Note
-------+----------+-------------------------------------------
     0 | D:1      | freelancePsychic the Demonspawn Wanderer began the quest
                  | for the Orb.
     0 | D:1      | freelancePsychic set off with the following items: a +2
                  | sling, a +0 spear, a +0 cloak, a potion of lignification, a
                  | +0 leather armour.
     0 | D:1      | Reached XP level 1. HP: 13/13 MP: 1/1
    77 | D:1      | Gained mutation: You regenerate magic rapidly. [demonic
                  | ancestry]
    77 | D:1      | Reached XP level 2. HP: 20/20 MP: 2/2
   157 | D:1      | Found Utoann's Antique Weapon Shoppe.
   175 | D:1      | Found Fathut's Distillery.
   183 | D:1      | Bought a potion of degeneration for 13 gold pieces
   237 | D:1      | Found Mecips's Antique Weapon Shop.
   253 | D:1      | Reached skill level 4 in Ranged Weapons
   270 | D:1      | Reached skill level 1 in Fighting
   291 | D:1      | Reached skill level 1 in Stealth
   434 | D:1      | Found Iggeh's General Store.
   489 | D:1      | Gained mutation: You regenerate a little health from kills.
                  | [demonic ancestry]
   489 | D:1      | Reached XP level 3. HP: 22/26 MP: 3/3
   587 | D:1      | Found Lamen's General Store.
   943 | D:2      | Noticed Sigmund
   960 | D:2      | Found a faded altar of an unknown god.
  1015 | D:2      | Killed Sigmund
  1016 | D:2      | Reached skill level 5 in Ranged Weapons
  1016 | D:2      | Reached XP level 4. HP: 34/34 MP: 4/4
  1016 | D:2      | Gained mutation: You have a somewhat thin skeletal
                  | structure. (Dex +2, Stealth+) [demonic ancestry]
  1016 | D:2      | Reached XP level 5. HP: 39/39 MP: 5/5
  1661 | D:3      | Found an ornate altar of the Wu Jian Council.
  1827 | D:3      | Gained mutation: You regenerate health from kills. [demonic
                  | ancestry]
  1827 | D:3      | Reached XP level 6. HP: 46/46 MP: 6/6
  2371 | D:4      | Noticed Duvessa
  2377 | D:4      | Noticed Dowan
  2385 | D:4      | Gained mutation: Your magical capacity is low. (-10% MP)
                  | [potion of mutation]
  2385 | D:4      | Gained mutation: You occasionally lose the ability to read
                  | scrolls when taking damage. [potion of mutation]
  2385 | D:4      | Gained mutation: Your system is resistant to poisons.
                  | (rPois) [potion of mutation]
  2402 | D:4      | Killed Duvessa
  2405 | D:4      | Killed Dowan
  2509 | D:4      | Reached skill level 6 in Ranged Weapons
  2594 | D:4      | Gained mutation: You have a pair of small horns on your
                  | head. [demonic ancestry]
  2594 | D:4      | Reached XP level 7. HP: 31/52 MP: 6/6
  2684 | D:4      | Found a runed translucent door.
  2685 | D:4      | Noticed Crazy Yiuf
  2768 | D:4      | Found a radiant altar of Vehumet.
  2847 | D:4      | Found a hazy altar of Hepliaklqana.
  2974 | D:5      | Entered Level 5 of the Dungeon
  3134 | D:5      | Found a basalt altar of Yredelemnul.
  3134 | D:5      | Found a burning altar of Makhleb.
  3134 | D:5      | Found a broken altar of Ashenzari.
  3143 | D:5      | Found a staircase to the Ecumenical Temple.
  3171 | Temple   | Entered the Ecumenical Temple
  3207 | Temple   | Became a worshipper of Dithmenos the Shadowed
  3579 | D:5      | Reached skill level 7 in Ranged Weapons
  3651 | D:5      | Gained mutation: You have a pair of horns on your head.
                  | [demonic ancestry]
  3651 | D:5      | Reached XP level 8. HP: 43/61 MP: 7/7
  4064 | D:6      | Found Elek's Magic Scroll Emporium.
  4069 | D:6      | Bought a scroll of brand weapon for 123 gold pieces
  4069 | D:6      | Bought a scroll of teleportation for 39 gold pieces
  4069 | D:6      | Bought a scroll of teleportation for 39 gold pieces
  4174 | D:6      | Reached * piety under Dithmenos
  4304 | D:6      | Found Guno's General Store.
  4311 | D:6      | Bought a scroll of blinking for 82 gold pieces
  4311 | D:6      | Bought a potion of curing for 33 gold pieces
  4311 | D:6      | Bought a scroll of identify for 22 gold pieces
  4378 | D:6      | Reached skill level 5 in Fighting
  4402 | D:6      | Identified the serpent talisman "Kareed" {Str+2}
  4481 | D:6      | Found Pauckew's Jewellery Emporium.
  4548 | D:6      | Found Fiamnis's Book Boutique.
  4859 | D:7      | Reached skill level 8 in Ranged Weapons
  4863 | D:7      | Noticed Prince Ribbit
  4864 | D:7      | Noticed Jeremiah
  5108 | D:7      | Noticed Maurice
  5173 | D:7      | Found a flagged portal.
  5182 | Bailey   | Entered a bailey
  5199 | Bailey   | Reached skill level 5 in Dodging
  5211 | Bailey   | Reached XP level 9. HP: 48/69 MP: 8/8
  5255 | Bailey   | Noticed a two-headed ogre
  5285 | D:7      | Reached skill level 9 in Ranged Weapons
  5326 | D:7      | Reached ** piety under Dithmenos
  5862 | D:7      | Reached skill level 10 in Ranged Weapons
  5875 | D:7      | Found a sparkling altar of Nemelex Xobeh.
  6095 | D:7      | Killed Prince Ribbit
  6096 | D:7      | Gained mutation: You are robust. (+10% HP) [demonic
                  | ancestry]
  6096 | D:7      | Reached XP level 10. HP: 72/86 MP: 9/9
  6167 | D:7      | Killed Maurice
  6169 | D:7      | Noticed Joseph
  6322 | D:7      | Killed Joseph
  6676 | D:8      | Found a sacrificial altar of Ru.
  6676 | D:8      | Found a bloodstained altar of Trog.
  6754 | D:8      | Noticed a centaur warrior
  6833 | D:7      | Killed Jeremiah
  7011 | D:7      | Reached skill level 11 in Ranged Weapons
  7079 | D:8      | Reached *** piety under Dithmenos
  7096 | D:8      | Identified the +10 plate armour of Context {Str+5 Stlth+}
  7905 | D:8      | Noticed a green ugly thing
  7925 | D:10     | Entered Level 10 of the Dungeon
  7953 | D:10     | Noticed a two-headed ogre
  7979 | D:10     | Killed a two-headed ogre
  7992 | D:10     | Noticed an orange demon
  7993 | D:10     | Reached XP level 11. HP: 82/95 MP: 9/9
  8088 | D:10     | Noticed Josephine
  8145 | D:10     | Noticed an orc sorcerer
  8236 | D:10     | Killed an orc sorcerer
  8257 | D:10     | Killed Josephine
  8258 | D:10     | Reached skill level 12 in Ranged Weapons
  8305 | D:10     | Noticed a two-headed ogre
  8312 | D:10     | Killed a two-headed ogre
  8324 | D:10     | Noticed Sonja
  8325 | D:10     | Sonja changed into Sonja the polar bear
  8325 | D:10     | Noticed Sonja
  8334 | D:10     | Killed Sonja the polar bear
  8525 | D:9      | Noticed a two-headed ogre
  8542 | D:9      | Killed a two-headed ogre
  8564 | D:9      | Noticed Pikel
  8614 | D:9      | Killed Pikel
  8767 | D:9      | Reached **** piety under Dithmenos
  8951 | D:9      | Found a staircase to the Orcish Mines.
  8953 | D:9      | Found Emnas's Armour Boutique.
  9632 | D:8      | Found an iron altar of Okawaru.
  9862 | D:8      | Reached skill level 13 in Ranged Weapons
 10273 | D:8      | HP: 4/99 [centaur warrior (3)]
 10275 | D:8      | Mangled by a centaur warrior

Illustrated notes

Levels and vault maps discovered:
D:1:      dpeg_arrival_stonehenge_8_columns, layout_loops_corners, serial_glass,
          glass_columns_b, glass_columns_c, glass_columns_c, glass_columns_a,
          glass_columns_a, glass_columns_a, serial_shops,
          nicolae_shop_hallway_stairs, shop, shop_statue,
          nicolae_shop_tiny_real_fake_doors, shop
D:2:      layout_rooms, hellmonk_ecumenical_altar_inner_sanctum,
          minmay_misc_feat_nine_boxes, uniq_sigmund
D:3:      layout_basic, nicolae_wu_jian_wuxing_cycle
D:4:      layout_cave_pools, kennysheep_mini_moat,
          amethyst_overflow_temple_binary, uniq_crazy_yiuf_cottage, uniq_duvessa
D:5:      layout_basic, gammafunk_temple_overflow_claw,
          minmay_temple_entry_large_hall, serial_undead, serial_undead_e,
          serial_undead_d, serial_undead_d, serial_undead_f
D:6:      layout_cave_pods, serial_shops, shop, nicolae_shop_advertising_works
          [nicolae_subvault_shop_adworks], nicolae_shop_tiny_real_fake_doors,
          nicolae_shop_tiny_real_fake_doors
D:7:      minmay_bubble_buster, layout_rooms, nemelex_diamond_rough_becter,
          enter_bailey_5, serial_bayou, serial_bayou_shore_a,
          serial_bayou_lake_a, serial_bayou_lagoon_a, serial_bayou_pond_e,
          serial_bayou_pond_d, kennysheep_another_room, corexii_checkpoint,
          uniq_jeremiah, uniq_maurice, uniq_joseph, uniq_prince_ribbit1
D:8:      minmay_bloctagon, layout_cave_pools, jmf_multi_god_temple,
          mainiacjoe_overflow_chevrons, erik_lair_dragon, chequers_arboretum
D:9:      layout_cave_pods, orc_david_3, uniq_pikel
D:10:     lemuel_castle_with_subvaults [lemuel_castle_interior_carwin_2],
          layout_irregular_city, minivault_26, uniq_sonja, uniq_josephine,
          uniq_erica, uniq_lodul
Temple:   grunt_temple_mini_profane

Skill      XL: |  1  2  3  4  5  6  7  8  9 10 11 |
---------------+----------------------------------+-----
Ranged Weapons | 4 5 6 7 8 10 11 13 | 13.0
Fighting       | 1 2 3 4 5 7 8 9 |  9.6
Stealth        | 1 2 3 |  3.9
Dodging        | 5 6 7 8 |  8.8
Polearms       | |  1.7

Action                     |  1- 3 |  4- 6 |  7- 9 | 10-12 || total
---------------------------+-------+-------+-------+-------++-------
  Melee: Unarmed           |    14 |    16 |     2 |    26 ||    58
         Punch             |       |     1 |       |     1 ||     2
         Headbutt          |       |       |     1 |     2 ||     3
   Fire: Sling             |   108 |   126 |   562 |   674 ||  1470
  Throw: Dart              |       |       |       |     5 ||     5
         Throwing net      |       |       |       |     1 ||     1
  Evoke: Wand              |       |       |    12 |    27 ||    39
    Use: Scroll            |     2 |     3 |    10 |     9 ||    24
         Potion            |     1 |     3 |     2 |     8 ||    14
 Armour: Leather armour    |    20 |    33 |   153 |   250 ||   456
         Skin              |    10 |       |       |    24 ||    34
  Dodge: Dodged            |    32 |    34 |   188 |   482 ||   736
  Block: Other             |       |     9 |    68 |   115 ||   192
         Reflection        |       |       |       |     8 ||     8
